 Dungeon Crawl Stone Soup version 0.30-a0-1094-g860fb061e7 (webtiles) character file.

Game seed: 1975330366366428162

431 Kauriferous the Chopper (level 6, -8/56 HPs)
             Began as a Minotaur Fighter on Apr 17, 2023.
             Was an Initiate of Okawaru.
             Mangled by an ogre
             ... wielding a +0 giant club
              (29 damage)
             ... on level 5 of the Dungeon.
             The game lasted 00:10:28 (3161 turns).

Kauriferous the Chopper (Minotaur Fighter)          Turns: 3161, Time: 00:10:29

Health: -8/56      AC: 15    Str: 22    XL:     6   Next: 67%
Magic:  5/5        EV:  9    Int:  5    God:    Okawaru [......]
Gold:   31         SH:  5    Dex: 10    Spells: 5/5 levels left

rFire   . . .      SeeInvis .    a - +0 war axe
rCold   . . .      Faith    .    c - +0 buckler
rNeg    . . .      Spirit   .    b - +0 scale mail
rPois   .          Reflect  .    q - +0 hat
rElec   .          Rampage  .    (no cloak)
rCorr   .                        (no gloves)
Will    .....                    (no boots) Stlth
                                 o - amulet of magic regeneration
HPRegen 0.29/turn                s - +4 ring of protection
MPRegen 0.49/turn                u - +4 ring of protection

@: lethally poisoned (-8 -> -11)
A: horns 2, retaliatory headbutt
a: Renounce Religion


You were on level 5 of the Dungeon.
You worshipped Okawaru.
Okawaru was noncommittal.
You visited 2 branches of the dungeon, and saw 6 of its levels.

You collected 217 gold pieces.
You spent 186 gold pieces at shops.

Inventory:

Hand Weapons
 a - a +0 war axe (weapon)
Missiles
 e - 4 poisoned darts (quivered)
Armour
 b - a +0 scale mail (worn)
 c - a +0 buckler (worn)
 h - a +1 plate armour
 q - a +0 hat (worn)
Jewellery
 k - a ring of flight
 n - a +5 ring of evasion
 o - an amulet of magic regeneration (around neck)
 s - a +4 ring of protection (left hand)
 u - a +4 ring of protection (right hand)
Wands
 r - a wand of light (11)
Scrolls
 f - 4 scrolls of silence {unknown}
 g - a scroll of identify
 i - a scroll of teleportation {unknown}
 j - 2 scrolls of enchant armour
 l - a scroll of noise
 m - a scroll of poison {unknown}
 v - a scroll of fear {unknown}
 y - a scroll of magic mapping {unknown}
Potions
 d - 3 potions of might
 p - 2 potions of resistance
 t - 3 potions of curing
 w - a potion of heal wounds {unknown}
 x - a potion of degeneration {unknown}
 z - a potion of berserk rage {unknown}
 A - a potion of brilliance {unknown}


   Skills:
 + Level 5.2 Fighting
 * Level 5.8 Axes
 + Level 5.1 Armour
 + Level 5.2 Shields


You had 5 spell levels left.
You didn't know any spells.
Your spell library contained the following spells:

 Spells                   Type           Power      Damage    Failure   Level
 Gell's Gravitas          Tloc           0%         N/A       99%         3
 Teleport Other           Tloc           0%         N/A       99%         3
 Dispersal                Tloc           0%         N/A       100%        6


Dungeon Overview and Level Annotations

Branches:
Dungeon (5/15)             Temple (1/1) D:5

Altars:
Ashenzari
Cheibriados
Dithmenos
Fedhas
Gozag
Hepliaklqana
Kikubaaqudgha
Makhleb
Nemelex Xobeh
Okawaru
Qazlal
Ru
Sif Muna
Trog
Uskayaw
Vehumet
Xom
Zin
The Shining One

Shops:
D:3 *!   D:5 ([


Innate Abilities, Weirdness & Mutations

You have a pair of horns on your head.
You reflexively headbutt those who attack you in melee.


Message History

Found 9 gold pieces.
The shadow imp shouts!
You slash the shadow imp!
The shadow imp is almost dead.
The shadow imp gestures at you. Pain shoots through your body!
You hit the shadow imp.
You kill the shadow imp!
Okawaru accepts your kill.
j - 2 scrolls of enchant armour (gained 1)
A scorpion comes into view.
An ogre comes into view. It is wielding a +0 giant club.
The ogre shouts!
You completely miss the scorpion. The scorpion barely misses you.
The scorpion stings you but does no damage.
You hit the scorpion. Your headbutt misses the scorpion.
The scorpion is moderately wounded.
The scorpion stings you. You block the scorpion's attack.
You hit the scorpion but do no damage.
The scorpion is moderately wounded.
The scorpion stings you but does no damage.
You hit the scorpion.
The scorpion is moderately wounded.
The scorpion closely misses you. The scorpion stings you.
You are poisoned.
The scorpion poisons you!
You hit the scorpion.
The scorpion is severely wounded.
You hit the ogre but do no damage.
You feel very sick. The ogre hits you but does no damage.
The scorpion barely misses you.
You slash the scorpion!
You kill the scorpion!
Okawaru is honoured by your kill.
You slash the ogre!
You feel sick.
The ogre hits you with a +0 giant club!!
You feel sick.
The ogre hits you with a +0 giant club!!
Ouch! That really hurt!
You die...

.# ####### .# #......
####.# #.....$ #....#
#......#####....#
#.........##....#
......†.@.##....#
#####..O........#
#....#####.####
#....#####..##########
+.^..'...............+
#....#######...#####
#.... ###..## .$...
##(.# ##.#


You could see an ogre.

Vanquished Creatures
  2 scorpions (D:5)
  2 sleepcaps
  An iguana (D:4)
  Robin (D:4)
  5 gnolls
  6 adders
  A shadow imp (D:5)
  A worm (D:2)
  3 dart slugs
  4 orcs
  6 ball pythons
  7 bats
  7 endoplasms
  3 giant cockroaches
  22 goblins
  9 hobgoblins
  6 jackals (D:1)
  2 quokkas
  5 frilled lizards
  5 kobolds
  9 rats
107 creatures vanquished.

Vanquished Creatures (others)
  4 plants (D:1)
4 creatures vanquished.

Grand Total: 111 creatures vanquished

Notes
Turn   | Place    | Note
-------+----------+-------------------------------------------
     0 | D:1      | Kauriferous the Minotaur Fighter began the quest for the
                  | Orb.
     0 | D:1      | Reached XP level 1. HP: 19/19 MP: 0/0
     3 | D:1      | Noticed an electric eel
     4 | D:1      | Noticed an electric eel
   120 | D:1      | Reached XP level 2. HP: 27/27 MP: 1/1
   812 | D:1      | Reached XP level 3. HP: 31/33 MP: 2/2
  1032 | D:2      | Reached XP level 4. HP: 40/40 MP: 3/3
  2038 | D:3      | Found Piarubal's General Store.
  2067 | D:3      | Bought a potion of resistance for 130 gold pieces
  2100 | D:3      | Found Zuecrups's Distillery.
  2104 | D:3      | Bought a potion of might for 56 gold pieces
  2181 | D:3      | Reached XP level 5. HP: 47/47 MP: 4/4
  2542 | D:4      | Noticed an ogre
  2687 | D:4      | Reached skill level 5 in Axes
  2695 | D:4      | Noticed Robin
  2708 | D:4      | Killed Robin
  2709 | D:4      | Reached XP level 6. HP: 40/55 MP: 5/5
  2830 | D:4      | Noticed a steam dragon
  2834 | D:5      | Entered Level 5 of the Dungeon
  2907 | D:5      | Found Kucun's Antique Armour Boutique.
  2938 | D:5      | Found a staircase to the Ecumenical Temple.
  2947 | Temple   | Entered the Ecumenical Temple
  2984 | Temple   | Became a worshipper of Warmaster Okawaru
  3039 | D:5      | Reached skill level 5 in Fighting
  3039 | D:5      | Reached skill level 5 in Armour
  3039 | D:5      | Reached skill level 5 in Shields
  3071 | D:5      | Found Maff's Antique Weapon Boutique.
  3161 | D:5      | Mangled by an ogre

Illustrated notes

Levels and vault maps discovered:
D:1:      arrival_aquarium_b, layout_basic, serial_bayou_pond_c
D:2:      cheibrodos_greedy_goblins, layout_loops_ring
D:3:      layout_rooms, serial_shops, nicolae_shop_back_alley_shop, shop_coins,
          minmay_cut_off
D:4:      layout_loops_ring, hangedman_decor_growths, uniq_sigmund, uniq_robin
D:5:      layout_basic, mainiacjoe_overflow_catch_the_wave,
          minmay_temple_entry_ruins, serial_shops, shop, shop,
          nicolae_take_the_stairs
Temple:   hellmonk_temple_of_storms

Skill      XL: |  1  2  3  4  5  6 |
---------------+-------------------+-----
Axes           | 3 4 5 |  5.8
Fighting       | 4 5 |  5.2
Armour         | 4 5 |  5.1
Shields        | 4 5 |  5.2

Action                     |  1- 3 |  4- 6 || total
---------------------------+-------+-------++-------
  Melee: War axe           |    67 |   150 ||   217
         Headbutt          |     6 |    15 ||    21
    Use: Scroll            |       |     3 ||     3
 Armour: Scale mail        |    28 |    70 ||    98
  Dodge: Dodged            |    29 |    70 ||    99
  Block: Buckler           |    22 |    32 ||    54

Table legend: (Time is in decaauts)
 A = Elapsed time spent in this place.
 B = Non-inter-level travel time spent in this place.
 C = Inter-level travel time spent in this place.
 D = Time resting spent in this place.
 E = Time spent auto-exploring this place.
 F = Levels seen in this place.
 G = Mean time per level.
                   A        B        C        D        E       F      G
               +--------+--------+--------+--------+--------+-----+--------+
         Total |   3241 |   3069 |    172 |    198 |   2074 |   6 |  540.2 |
       Dungeon |   3194 |   3035 |    159 |    198 |   2056 |   5 |  638.8 |
        Temple |     47 |     34 |     13 |      0 |     18 |   1 |   47.0 |
               +--------+--------+--------+--------+--------+-----+--------+

Top non-repeatable levels by time:
     D:1: 1016 daAuts
     D:2: 860 daAuts
     D:3: 712 daAuts
     D:4: 319 daAuts
     D:5: 286 daAuts
  Temple: 47 daAuts
